 Dungeon Crawl Stone Soup version 0.20.1-1-g8b1a95d66d (webtiles) character file.

484 Jynx the Conjurer (level 6, -3/32 HPs)
             Began as a Deep Elf Conjurer on Dec 20, 2017.
             Was an Initiate of Vehumet.
             Slain by a gnoll
             ... wielding a +0 flail
              (10 damage)
             ... on level 4 of the Dungeon.
             The game lasted 00:11:02 (4569 turns).

Jynx the Conjurer (Deep Elf Conjurer)               Turns: 4569, Time: 00:11:02

Health: -3/32      AC:  2    Str:  5    XL:     6   Next: 88%
Magic:  1/16       EV: 13    Int: 21    God:    Vehumet [......]
Gold:   240        SH:  0    Dex: 16    Spells: 6/16 levels left

rFire    . . .     SeeInvis .   m - +2 dagger (flame)
rCold    . . .     Gourm    .   (no shield)
rNeg     . . .     Faith    .   a - +0 robe
rPois    .         Spirit   .   (no helmet)
rElec    .         Reflect  .   (no cloak)
rCorr    .         Harm     .   (no gloves)
MR       .....                  q - -1 pair of boots (curse)
Stlth    ++........             v - amulet of magic regeneration
Regen    0.1/turn               o - ring of wizardry
MPRegen  0.3/turn               (no ring)

@: no status effects
A: no striking features
a: Renounce Religion


You were on level 4 of the Dungeon.
You worshipped Vehumet.
Vehumet was noncommittal.
You were hungry.

You visited 2 branches of the dungeon, and saw 5 of its levels.

You collected 240 gold pieces.

Inventory:

Hand Weapons
 m - a +2 dagger of flaming (weapon)
Armour
 a - a +0 robe (worn)
 q - a cursed -1 pair of boots (worn)
Jewellery
 o - a ring of wizardry (left hand)
 v - an amulet of magic regeneration (around neck)
Wands
 y - a wand of clouds (7/9)
Scrolls
 f - a scroll of blinking {unknown}
 h - 4 scrolls of magic mapping
 n - 2 scrolls of noise
 p - a scroll of amnesia {unknown}
 s - a scroll of recharging {unknown}
 w - a scroll of teleportation {unknown}
 z - a scroll of remove curse {unknown}
Potions
 d - 4 potions of curing
 e - a potion of lignification {unknown}
 g - a potion of heal wounds {unknown}
 i - a potion of flight
 j - 3 potions of degeneration
 k - 2 potions of brilliance
 l - a potion of mutation {unknown}
 t - a potion of might {unknown}
Books
 b - a book of Conjurations

   Spells                             Type                      Level
   a - Magic Dart                     Conjuration                  1
   b - Searing Ray                    Conjuration                  2
   c - Dazzling Spray                 Conjuration/Hexes            3
   d - Fulminant Prism                Conjuration/Hexes            4
   e - Force Lance                    Conjuration/Translocation    4
   f - Iskenderun's Mystic Blast      Conjuration                  4
 r - a book of Changes

   Spells                             Type                      Level
   a - Beastly Appendage              Transmutation                1
   b - Sticks to Snakes               Transmutation                2
   c - Spider Form                    Transmutation/Poison         3
   d - Ice Form                       Ice/Transmutation            4
   e - Blade Hands                    Transmutation                5
Comestibles
 c - 4 bread rations
 u - a royal jelly
 A - a meat ration
 B - a chunk of flesh


   Skills:
 + Level 2.9 Short Blades
 - Level 2.4 Dodging
 - Level 2.4 Stealth
 + Level 5.6 Spellcasting
 * Level 7.3 Conjurations


You had 6 spell levels left.
You knew the following spells:

 Your Spells              Type           Power        Failure   Level  Hunger
a - Magic Dart            Conj           ####         1%          1    None
b - Searing Ray           Conj           #####.       1%          2    None
c - Dazzling Spray        Conj/Hex       ###...       2%          3    ##.....
d - Iskenderun's Mystic   Conj           #####...     1%          4    ####...


Dungeon Overview and Level Annotations

Branches:
Dungeon (4/15)             Temple (1/1) D:4

Altars:
Ashenzari
Cheibriados
Dithmenos
Elyvilon
Fedhas
Kikubaaqudgha
Makhleb
Nemelex Xobeh
Okawaru
Qazlal
Trog
Vehumet
Zin


Message History

Aim: a gnoll, wielding a flail (heavily wounded)
The orb of energy hits the gnoll.
You kill the gnoll!
Vehumet accepts your kill.
The orb of energy explodes!
Casting: Iskenderun's Mystic Blast
Confirm with . or Enter, or press ? or * to list all spells.
You don't have enough magic to cast that spell.
Casting: Iskenderun's Mystic Blast
Confirm with . or Enter, or press ? or * to list all spells.
You don't have enough magic to cast that spell.
You hit the gnoll but do no damage.
The gnoll is heavily wounded.
The gnoll closely misses you.
You hit the gnoll. You burn the gnoll.
The gnoll is almost dead.
You hit the gnoll but do no damage.
The gnoll is almost dead.
The gnoll hits you with a flail!
You die...

#####################
#.............(......
#....................
#....................
#....................
#....................
####..###....##........
#.....###..<.##........
##....@g...............
#.....................
#............†<.......
#............)........
##.#..#....(##........
#############........
#......... #.........
###### #.........


You could see a gnoll.

Vanquished Creatures
  A scorpion (D:4)
  A hound (D:4)
  A gnoll shaman (D:4)
  An orc wizard (D:3)
  An iguana (D:4)
  A worker ant (D:4)
  The ghost of Abighor the Shield-Bearer, a weakling MiFi (D:4)
  A hound skeleton (D:4)
  7 gnolls
  8 adders
  2 oozes
  6 worms
  3 leopard geckos
  6 orcs
  6 bats
  A giant cockroach (D:3)
  11 goblins
  6 hobgoblins
  11 jackals
  2 quokkas
  2 ball pythons
  3 frilled lizards
  12 kobolds
  A quokka skeleton (D:4)
  14 rats
109 creatures vanquished.

Notes
Turn   | Place    | Note
-------+----------+-------------------------------------------
     0 | D:1      | Jynx the Deep Elf Conjurer began the quest for the Orb.
     0 | D:1      | Reached XP level 1. HP: 10/10 MP: 6/6
   222 | D:1      | Reached XP level 2. HP: 15/15 MP: 4/8
   719 | D:1      | Reached skill level 5 in Conjurations
  1096 | D:1      | Reached XP level 3. HP: 19/19 MP: 7/10
  1167 | D:1      | Learned a level 2 spell: Searing Ray
  1173 | D:1      | Learned a level 3 spell: Dazzling Spray
  1824 | D:2      | Reached XP level 4. HP: 24/24 MP: 9/11
  1849 | D:2      | Reached skill level 1 in Short Blades
  2147 | D:2      | Found a white marble altar of Elyvilon.
  2477 | D:3      | Learned a level 4 spell: Iskenderun's Mystic Blast
  2501 | D:3      | Reached XP level 5. HP: 27/28 MP: 9/13
  2714 | D:2      | Reached skill level 6 in Conjurations
  3013 | D:3      | Found a sparkling altar of Nemelex Xobeh.
  3079 | D:3      | Found a bloodstained altar of Trog.
  3621 | D:3      | Found a stormy altar of Qazlal.
  3624 | D:3      | Noticed a water elemental
  3626 | D:3      | Noticed a fire elemental
  3626 | D:3      | Noticed an air elemental
  3909 | D:4      | Reached skill level 5 in Spellcasting
  3925 | D:4      | Reached XP level 6. HP: 32/32 MP: 8/15
  3931 | D:4      | Noticed Abighor's ghost (weakling MiFi)
  3939 | D:4      | Killed Abighor's ghost
  4002 | D:4      | Found a staircase to the Ecumenical Temple.
  4051 | Temple   | Entered the Ecumenical Temple
  4060 | Temple   | Became a worshipper of Vehumet
  4135 | D:4      | Reached skill level 7 in Conjurations
  4402 | D:4      | Found a blossoming altar of Fedhas.
  4569 | D:4      | Slain by a gnoll

Skill      XL: |  1  2  3  4  5  6 |
---------------+-------------------+-----
Conjurations   | 5 6 7 |  7.3
Short Blades   | 1 2 |  2.9
Spellcasting   | 4 5 |  5.6
Dodging        | |  2.4
Stealth        | |  2.4

Action                   |  1- 3 |  4- 6 || total
-------------------------+-------+-------++-------
Melee: Unarmed           |    15 |       ||    15
       Dagger            |       |    26 ||    26
 Cast: Magic Dart        |    89 |   165 ||   254
       Searing Ray       |       |     1 ||     1
       Dazzling Spray    |       |     3 ||     3
       Iskenderun's Myst |       |     5 ||     5
  Use: Scroll            |       |     8 ||     8
  Eat: Chunk             |     3 |     8 ||    11
Armor: Robe              |     1 |     3 ||     4
Dodge: Dodged            |    15 |    39 ||    54
